 Dungeon Crawl Stone Soup version 0.23-a0-644-gb60d84b (webtiles) character file.

296 Borgoz the Skirmisher (level 6, -3/53 HPs)
             Began as a Ghoul Abyssal Knight on Jan 1, 2019.
             Was a Believer of Lugonu.
             Slain by an ogre
             ... wielding a +0 giant club
              (22 damage)
             ... on level 5 of the Dungeon.
             The game lasted 00:06:55 (3209 turns).

Borgoz the Skirmisher (Ghoul Abyssal Knight)        Turns: 3209, Time: 00:06:56

Health: -3/53      AC:  7    Str: 16    XL:     6   Next: 34%
Magic:  7/7        EV: 11    Int:  7    God:    Lugonu [**....]
Gold:   218        SH:  0    Dex: 10    Spells: 5/5 levels left

rFire    . . .     SeeInvis .   a - +0 war axe
rCold    + . .     Gourm    .   (no shield)
rNeg     + + +     Faith    .   q - +0 ring mail
rPois    ∞         Spirit   .   p - +1 helmet
rElec    .         Reflect  .   (no cloak)
rCorr    .         Harm     .   (no gloves)
MR       .....                  (no boots)
Stlth    ..........             (no amulet)
HPRegen  0.00/turn              (no ring)
MPRegen  0.10/turn              (no ring)

@: rotting
A: rotting body, claws 1, carnivore, cold resistance 1, negative energy
resistance 3, inhibited regeneration, torment resistance, unbreathing
a: Depart the Abyss, Bend Space, Renounce Religion


You were on level 5 of the Dungeon.
You worshipped Lugonu.
Lugonu was pleased with you.
You were not hungry.

You visited 1 branch of the dungeon, and saw 5 of its levels.
You visited the Abyss 1 time.

You collected 218 gold pieces.

Inventory:

Hand Weapons
 a - a +0 war axe (weapon)
 b - a +2 whip of draining
Armour
 p - a +1 helmet (worn)
 q - a +0 ring mail (worn)
Scrolls
 d - 3 scrolls of enchant armour {unknown}
 i - 3 scrolls of remove curse
 j - 9 scrolls of teleportation {unknown}
 l - 2 scrolls of fog {unknown}
 m - 2 scrolls of identify {unknown}
Potions
 c - a potion of flight {unknown}
 e - a potion of ambrosia {unknown}
 f - a potion of berserk rage {unknown}
 g - a potion of cancellation {unknown}
 h - a potion of degeneration {unknown}
 k - 2 potions of mutation {unknown}
 o - a potion of invisibility {unknown}
 s - 2 potions of lignification {unknown}
 t - a potion of brilliance {unknown}
Comestibles
 n - 10 rations
 r - 5 chunks of flesh


   Skills:
 + Level 4.4 Fighting
 * Level 2.4 Axes
 + Level 3.0 Armour
 + Level 2.4 Dodging
 - Level 2.1 Unarmed Combat
 + Level 3.4 Invocations


You had 5 spell levels left.
You didn't know any spells.
Your spell library was empty.

Dungeon Overview and Level Annotations

Branches:
Dungeon (5/15)
 Temple: D:4-7

Altars:
Kikubaaqudgha
Sif Muna

Annotations:
D:3 1 runed door, Tungsten's ghost, amateur MfIE


Innate Abilities, Weirdness & Mutations

Your body is rotting away.
You thrive on raw meat.
You are immune to poison.
You have sharp fingernails.
You are carnivorous and can eat meat at any time.
Your flesh is cold resistant. (rC+)
You are immune to negative energy. (rN+++)
You do not regenerate when monsters are visible.
You are immune to unholy pain and torment.
You can survive without breathing.


Message History

That item cannot be evoked!
You barely miss the ogre.
The ogre hits you with a +0 giant club!!
Ouch! That really hurt!
You hit the ogre.
The ogre is lightly wounded.
The ogre barely misses you.
You hit the ogre.
The ogre is moderately wounded.
The ogre barely misses you.
You hit the ogre.
The ogre is moderately wounded.
The ogre hits you with a +0 giant club!
You slash the ogre!
The ogre is severely wounded.
The ogre closely misses you.
You hit the ogre but do no damage.
The ogre is severely wounded.
The ogre hits you with a +0 giant club!!
You die...

.#####...
.......... ##
######.... .# #####
.# .# .#
########### .#
#.........##O#
######.###......@.#
.......###.###.####
#########.#.##.# #
##.###.#.# # #.##
##..# # ##.###.#.#
# #..#.##.## #
##.#.##...## ### #
. #..###....># #.#
#


You could see an ogre.

Vanquished Creatures
  An orc priest (D:5)
  A centaur skeleton (D:4)
  5 worker ants
  7 adders
  An ooze (D:1)
  A worm (D:2)
  A dart slug (D:1)
  2 leopard geckos
  7 orcs
  A ball python (D:3)
  A bat zombie (D:3)
  3 giant cockroaches
  4 goblins
  3 hobgoblins
  3 bats (D:1)
  5 frilled lizards
  A kobold (D:1)
  4 rats
  2 rat zombies (D:3)
53 creatures vanquished.

Notes
Turn   | Place    | Note
-------+----------+-------------------------------------------
     0 | Abyss:1  | Borgoz the Ghoul Abyssal Knight began the quest for the
                  | Orb.
     0 | Abyss:1  | Reached XP level 1. HP: 19/19 MP: 1/1
    35 | Abyss:1  | Found an opulent altar of Gozag.
    61 | Abyss:1  | Noticed a tentacled starspawn
    62 | D:1      | Escaped the Abyss
   202 | D:1      | Reached skill level 1 in Dodging
   211 | D:1      | Reached XP level 2. HP: 25/26 MP: 2/2
   272 | D:1      | Reached * piety under Lugonu
   684 | D:2      | Reached XP level 3. HP: 31/31 MP: 3/3
   874 | D:2      | Reached skill level 1 in Axes
  1692 | D:3      | Reached XP level 4. HP: 40/40 MP: 4/4
  1758 | D:3      | Found an ancient bone altar of Kikubaaqudgha.
  1789 | D:3      | Found a runed door.
  1789 | D:3      | Noticed Tungsten's ghost (amateur MfIE)
  2433 | D:4      | Reached skill level 4 in Fighting
  2437 | D:4      | Reached XP level 5. HP: 30/45 MP: 6/6
  2533 | D:5      | Entered Level 5 of the Dungeon
  2574 | D:4      | Found a deep blue altar of Sif Muna.
  2601 | D:4      | Reached ** piety under Lugonu
  2973 | D:5      | Reached XP level 6. HP: 53/53 MP: 7/7
  3209 | D:5      | Slain by an ogre

Vault maps used:
D:1:      evilmike_arrival_hilbert_curve
D:3:      lemuel_zombie_altar_kikubaaqudgha, first_ration,
          hellmonk_ghost_happy_afterlife, eino_curves_04
D:4:      lemuel_crystal_altar, lemuel_doored_altar
D:5:      lemuel_crystal_altar, nicolae_overflow_hidden_temple

Skill      XL: |  1  2  3  4  5  6 |
---------------+-------------------+-----
Dodging        | 1 2 |  2.4
Armour         | 2 3 |  3.0
Axes           | 1 2 |  2.4
Fighting       | 4 |  4.4
Invocations    | 3 |  3.4
Unarmed Combat | |  2.1

Action                   |  1- 3 |  4- 6 || total
-------------------------+-------+-------++-------
Melee: Unarmed           |    36 |       ||    36
       Hand axe          |    55 |       ||    55
       War axe           |     2 |   137 ||   139
Invok: Depart the Abyss  |     1 |       ||     1
  Use: Scroll            |       |     3 ||     3
       Potion            |       |     2 ||     2
  Eat: Chunk             |    11 |     9 ||    20
Armor: Leather armour    |    19 |       ||    19
       Ring mail         |     5 |    74 ||    79
Dodge: Dodged            |    60 |   146 ||   206

Table legend:
 A = Non-vault XP
 B = Vault XP
 C = Vault XP percentage of total XP
 D = Non-vault monster count
 E = Vault monster count
 F = Vault count percentage of total count
                 A         B        C        D         E       F
            +---------+---------+-------+---------+---------+-------
      Total |     419 |       4 |   0.9 |      50 |       3 |   5.7
            +---------+---------+-------+---------+---------+-------
        D:1 |      25 |       0 |   0.0 |      12 |       0 |   0.0
        D:2 |      44 |       0 |   0.0 |      10 |       0 |   0.0
        D:3 |      46 |       4 |   8.0 |      10 |       3 |  23.1
        D:4 |     181 |       0 |   0.0 |      10 |       0 |   0.0
        D:5 |     123 |       0 |   0.0 |       8 |       0 |   0.0
            +---------+---------+-------+---------+---------+-------
